 Dungeon Crawl Stone Soup version 0.24.0-125-gc4c63601f3 (webtiles) character file.

Game seed: 4380366586971676663, levelgen mode: deterministic

51 Johnny the Digger (level 3, 0/26 HPs)
             Began as a Demigod Earth Elementalist on Feb 22, 2020.
             Succumbed to a worker ant's poison
             ... on level 2 of the Dungeon.
             The game lasted 00:00:56 (896 turns).

Johnny the Digger (Demigod Earth Elementalist)       Turns: 896, Time: 00:00:56

Health: 0/26       AC:  3    Str: 11    XL:     3   Next: 36%
Magic:  0/9        EV: 12    Int: 21    God:
Gold:   53         SH:  0    Dex: 16    Spells: 6/7 levels left

rFire    . . .     SeeInvis .   a - +0 short sword
rCold    . . .     Gourm    .   (no shield)
rNeg     . . .     Faith    .   c - +0 robe
rPois    .         Spirit   .   (no helmet)
rElec    .         Reflect  .   (no cloak)
rCorr    .         Harm     .   e - +0 pair of gloves
MR       .....                  (no boots)
Stlth    ++........             (no amulet)
HPRegen  0.08/turn              (no ring)
MPRegen  0.11/turn              (no ring)

@: lethally poisoned (0 -> -2)
A: high mp 1
a: no special abilities


You were on level 2 of the Dungeon.
You were not hungry.

You visited 1 branch of the dungeon, and saw 2 of its levels.

You collected 53 gold pieces.

Inventory:

Hand Weapons
 a - a +0 short sword (weapon)
 f - a +0 club
Missiles
 b - 45 stones (quivered)
Armour
 c - a +0 robe (worn)
 e - a +0 pair of gloves (worn)
Jewellery
 g - a +3 ring of slaying {unknown}
Comestibles
 d - a ration


   Skills:
 - Level 1.7 Dodging
 - Level 1.7 Stealth
 + Level 2.7 Spellcasting
   Level 0.8 Transmutations
 + Level 3.5 Earth Magic


You had 6 spell levels left.
You knew the following spells:

 Your Spells              Type           Power        Failure   Level  Hunger
a - Sandblast             Erth           ###...       3%          1    None

Your spell library contained the following spells:

 Spells                   Type           Power        Failure   Level  Hunger
 Passwall                 Tmut/Erth      ##......     9%          2    ##.....
 Stone Arrow              Conj/Erth      ##....       21%         3    ###....
 Petrify                  Tmut/Erth      ##......     50%         4    ####...
 Lee's Rapid Deconstruct  Erth           ###.......   65%         5    ######.


Dungeon Overview and Level Annotations

Branches:
Dungeon (2/15)


Innate Abilities, Weirdness & Mutations

You have an increased reservoir of magic. (+10% MP)


Message History

Casting: Sandblast (safe; 3% risk of failure)
Confirm with . or Enter, or press ? or * to list all spells.
You don't have enough magic to cast that spell.
Unknown command.
The adder bites you but does no damage. The adder bites you but does no damage.
Casting: Sandblast (safe; 3% risk of failure)
Confirm with . or Enter, or press ? or * to list all spells.
Aiming: Sandblast (safe; 3% risk of failure)
Press: ? - help, Shift-Dir - straight line, f - adder
Aim: an adder The blast of sand hits the adder.
The adder is heavily wounded.
b - 45 stones You feel sick.
The adder bites you.
* * * LOW HITPOINT WARNING * * *
Unknown command.
The adder bites you.
* * * LOW HITPOINT WARNING * * *
You die...

#..#
#.#.#†.).......
##.########
#.#.###)######
#.†......#
#.#.###.####
#.######.#
#.#........# #.#
#.# #.#..#####.#
#.# #.# #.#..# #
#.# #.# #.#..#
#.# #.####.##.#
#.# #..@.S....#
#>#
#..###........<.
#.######..#
#########.#
#.........#
########.## #.#
#.# #.# #.#


You could see an adder.

Vanquished Creatures
  A worker ant (D:2)
  An ooze (D:1)
  3 bats
  2 giant cockroaches (D:1)
  3 goblins (D:1)
  4 hobgoblins (D:1)
  5 kobolds
  2 frilled lizards
  2 rats (D:1)
23 creatures vanquished.

Notes
Turn   | Place    | Note
-------+----------+-------------------------------------------
     0 | D:1      | Johnny the Demigod Earth Elementalist began the quest for
                  | the Orb.
     0 | D:1      | Reached XP level 1. HP: 14/14 MP: 5/5
   144 | D:1      | Reached skill level 3 in Earth Magic
   144 | D:1      | Reached XP level 2. HP: 13/20 MP: 5/7
   878 | D:2      | Reached XP level 3. HP: 15/26 MP: 2/9
   895 | D:2      | HP: 1/26 [adder (2)]
   896 | D:2      | Succumbed to a worker ant's poison

Levels and vault maps discovered:
D:1:      psy_arrival_statuary, layout_loops_corners
D:2:      layout_loops_ring, uniq_terence

Skill      XL: |  1 |
---------------+----+-----
Spellcasting   | 2 |  2.7
Earth Magic    | 3 |  3.5
Dodging        | |  1.7
Stealth        | |  1.7
Transmutations | |  0.8

Action                   || total
-------------------------++-------
Melee: Short sword       ||    42
 Cast: Sandblast         ||    13
 Stab: Sleeping          ||     5
Armor: Robe              ||     7
Dodge: Dodged            ||    34
